Description

Astrea v Dark: Game 3 - [EWC] Alcyone

Replay - Astrea v Dark: Game 3 - [EWC] Alcyone

Build Order

Get SALT Encoding   

  12  0:00  Drone  
  13  0:12  Overlord  
  13  0:17  Drone  
  14  0:31  Drone x2  
  16  0:48  Hatchery  
  15  0:52  Drone x2  
  17  0:59  Drone  
  18  1:09  Extractor  
  17  1:14  Spawning Pool  
  17  1:18  Drone x2  
  18  1:29  Drone  
  21  2:01  Overlord, Queen x2  
  21  2:02  Zergling x2  
  26  2:10  Metabolic Boost  
  26  2:13  Zergling x4  
  30  2:38  Hatchery  
  31  2:47  Queen  
  31  2:51  Overlord  
  36  3:09  Queen  
  36  3:10  Zergling x2  
  41  3:18  Overlord  
  44  3:36  Queen  
  51  3:49  Queen  
  54  3:59  Spore Crawler x2  
  58  4:12  Overlord  
  58  4:24  Lair  
  63  4:33  Zergling x4  
  66  4:40  Evolution Chamber  
  66  4:45  Extractor x2  
  72  5:04  Zergling x6  
  73  5:09  Zerg Missile Weapons Level 1  
  73  5:12  Roach Warren  
  83  5:32  Extractor x3  
  86  5:35  Hydralisk Den  
  85  5:50  Hatchery  
  85  5:53  Roach x10  
  85  5:54  Evolution Chamber  
  102  6:16  Glial Reconstitution  
  99  6:32  Grooved Spines  
  99  6:38  Evolution Chamber  
  104  7:00  Hydralisk x3  
  111  7:09  Hydralisk x3  
  111  7:12  Overseer  
  111  7:14  Zerg Missile Weapons Level 2  
  117  7:16  Hydralisk  
  117  7:22  Muscular Augments  
  119  7:25  Infestation Pit  
  126  7:39  Hydralisk x3  
  138  7:52  Zergling x2  
  138  7:57  Lurker Den  
  143  8:00  Extractor x2  
  143  8:02  Spore Crawler, Hive  
  143  8:04  Ravager  
  142  8:06  Overseer  
  165  9:27  Viper x2  
  165  9:29  Lurker x5  
  173  9:34  Seismic Spines  
  166  10:03  Nydus Network  
  166  10:07  Overseer  
  174  10:15  Overseer  
  174  10:22  Lurker x3  
  177  10:31  Adaptive Talons  
  177  10:32  Lurker x2  
  186  10:40  Nydus Canal  
  189  10:58  Nydus Canal  
  185  11:14  Nydus Canal  
  184  11:30  Nydus Canal  
  196  11:49  Spore Crawler x2  
  198  12:14  Nydus Canal  
Spawning Tool Build Advisor. Get it on Overwolf

Go to:

Details

  • Created by: Cloudless
  • Published on: Sep 14, 2024
  • Modified on: Sep 16, 2024
  • Patch: 5.0.11
  • Difficulty: Easy
Show
View Real Time Build Order
Export as new Build Order

Comments (0)

There are no comments. Be the first!

Create an account to comment!